Map: [ESL] Data-C

Players

Namshar

  • Race: Zerg Zerg
  • Spawn Location: 3:00

Nina - Winner!

  • Race: Protoss Protoss
  • Spawn Location: 9:00

Event: DreamHack SC2 Masters 2022 Atlanta (Online)

VOD

Have the link to the VOD?

Description

Time

  • Played on: Oct. 13, 2022, 4:02 p.m.
  • Length: 12:58

All games in this series

Show
View Real Time Build Order
Export as new Build Order

Namshar Zerg 

Build Orders: Hatch First 

Get SALT Encoding   

  12  0:00  Drone  
  13  0:12  Overlord  
  13  0:16  Drone  
  14  0:30  Drone x2  
  16  0:48  Hatchery  
  15  0:51  Drone  
  15  0:55  Drone  
  17  0:57  Drone  
  18  1:09  Extractor  
  17  1:13  Spawning Pool  
  17  1:17  Drone  
  17  1:20  Drone  
  18  1:27  Drone  
  19  1:38  Drone  
  20  1:49  Drone  
  21  2:00  Queen x2  
  21  2:01  Zergling x2, Overlord  
  26  2:12  Metabolic Boost, Drone  
  26  2:13  Drone  
  28  2:21  Drone x2  
  30  2:32  Drone x2  
  32  2:40  Hatchery  
  32  2:43  Drone  
  32  2:45  Overlord  
  32  2:53  Drone  
  32  2:54  Zergling x2  
  32  2:56  Queen  
  36  3:08  Drone x4  
  36  3:09  Overlord  
  40  3:13  Queen  
  40  3:17  Drone  
  40  3:18  Drone  
  44  3:28  Overlord  
  44  3:29  Drone x2  
  44  3:30  Drone  
  44  3:31  Queen  
  49  3:42  Overlord  
  49  3:45  Drone x2  
  49  3:46  Drone  
  52  3:54  Drone x3  
  55  3:55  Queen  
  55  3:56  Overlord  
  57  4:10  Drone  
  57  4:11  Drone x5  
  57  4:14  Spore Crawler x2, Drone  
  57  4:15  Drone x3  
  64  4:24  Overlord  
  64  4:25  Lair  
  64  4:30  Roach Warren  
  63  4:31  Evolution Chamber  
  63  4:35  Drone x4  
  63  4:37  Drone  
  64  4:44  Drone x5  
  69  4:47  Drone  
  69  4:48  Drone, Extractor  
  69  4:52  Drone x2  
  72  4:54  Drone x3  
  72  4:56  Extractor  
  72  4:57  Zerg Missile Weapons Level 1  
  70  5:01  Drone x3  
  72  5:11  Drone x5  
  77  5:14  Spore Crawler  
  77  5:16  Extractor, Overlord x2  
  77  5:18  Extractor  
  74  5:23  Baneling Nest  
  74  5:26  Extractor  
  72  5:29  Drone x4  
  72  5:30  Drone x4  
  72  5:33  Drone  
  81  5:40  Glial Reconstitution  
  81  5:42  Drone  
  82  5:47  Overlord x3  
  82  5:53  Roach x6  
  82  5:54  Roach  
  96  6:01  Overlord x2  
  96  6:07  Hatchery  
  96  6:10  Zergling x4  
  96  6:11  Zergling x4  
  99  6:16  Roach x3  
  99  6:17  Roach  
  106  6:27  Overlord x3  
  106  6:31  Roach  
  106  6:32  Roach x4  
  116  6:41  Roach x5  
  116  6:43  Overlord  
  116  6:46  Zergling x2  
  125  6:58  Roach  
  125  6:59  Roach x6  
  139  7:09  Overlord x2  
  139  7:12  Roach x3  
  145  7:22  Roach x6  
  154  7:28  Zerg Missile Weapons Level 2  
  154  7:32  Spore Crawler  
  154  7:33  Baneling x3  
  147  7:38  Zergling x18  
  134  7:51  Roach  
  134  7:52  Roach x7  
  144  8:04  Drone  
  129  8:09  Roach x9  
  132  8:18  Roach x5  
  138  8:24  Drone x5  
  138  8:25  Extractor  
  138  8:26  Extractor  
  141  8:28  Ravager x6  
  141  8:29  Ravager  
  147  8:38  Drone  
  147  8:39  Drone  
  149  8:47  Ravager x4  
  154  8:48  Drone x3  
  154  8:49  Drone x3, Overlord  
  159  8:56  Zergling x2  
  159  8:57  Zergling x22  
  159  9:02  Infestation Pit  
  170  9:09  Zergling x2  
  171  9:10  Zergling x8  
  171  9:11  Centrifugal Hooks  
  171  9:14  Hatchery  
  174  9:21  Baneling  
  174  9:22  Baneling x13  
  174  9:34  Zergling x28  
  180  9:41  Zergling x14  
  180  9:44  Zerg Melee Weapons Level 1  
  181  9:51  Hive  
  177  9:53  Spire  
  177  9:58  Zergling x2  
  177  10:01  Baneling x7  
  177  10:02  Baneling  
  177  10:03  Baneling x9  
  177  10:04  Baneling  
  177  10:05  Baneling x9  
  177  10:06  Zergling x2  
  178  10:07  Zergling x2  
  179  10:17  Drone  
  179  10:18  Drone x7  
  184  10:21  Zergling x12  
  168  10:45  Roach x16  
  168  10:48  Zergling x2  
  168  10:49  Zergling x4  
  172  10:54  Roach x4  
  174  11:02  Baneling x11  
  174  11:05  Greater Spire, Adrenal Glands  
  174  11:08  Ravager x4  
  174  11:10  Corruptor  
  180  11:23  Zergling x28, Roach  
  196  11:26  Pneumatized Carapace  
  196  11:27  Corruptor  
  196  11:30  Corruptor  
  200  11:37  Queen  
  191  11:56  Zergling x18, Roach  
  163  12:14  Zergling x6, Roach  
  163  12:15  Zergling x28  
  151  12:23  Roach  
  151  12:27  Ravager x3  
  151  12:28  Ravager  
  157  12:31  Ravager  
Show
View Real Time Build Order
Export as new Build Order

Nina Protoss - Winner!

Build Orders: 1 Gate Expand, Oracle Opening 

Get SALT Encoding   

  12  0:00  Probe  
  13  0:12  Probe  
  14  0:18  Pylon  
  14  0:24  Probe (Chrono Boost)  
  15  0:36  Probe (Chrono Boost)  
  15  0:38  Gateway  
  16  0:45  Probe (Chrono Boost)  
  17  0:51  Probe  
  17  0:52  Assimilator  
  18  1:03  Probe  
  19  1:15  Probe  
  20  1:24  Nexus  
  20  1:34  Cybernetics Core  
  20  1:37  Probe  
  21  1:44  Assimilator  
  21  1:49  Probe  
  21  1:53  Pylon  
  22  2:02  Probe (Chrono Boost)  
  23  2:11  Adept  
  23  2:14  Probe (Chrono Boost)  
  26  2:20  Probe (Chrono Boost)  
  27  2:23  Stargate  
  27  2:28  Probe (Chrono Boost)  
  28  2:32  Warp Gate  
  28  2:40  Probe (Chrono Boost)  
  28  2:41  Adept, Probe (Chrono Boost)  
  32  2:48  Probe x2 (Chrono Boost)  
  34  2:54  Probe x2  
  36  3:06  Probe x2  
  36  3:09  Oracle  
  42  3:23  Probe  
  42  3:24  Probe (Chrono Boost)  
  42  3:25  Nexus  
  43  3:30  Pylon  
  43  3:36  Probe (Chrono Boost)  
  43  3:39  Gateway  
  43  3:40  Probe (Chrono Boost)  
  45  3:45  Probe (Chrono Boost), Pylon  
  47  3:49  Probe (Chrono Boost)  
  47  3:50  Oracle  
  47  3:51  Probe  
  51  3:59  Twilight Council  
  51  4:00  Probe  
  52  4:04  Probe  
  53  4:13  Probe  
  53  4:15  Forge  
  53  4:16  Assimilator  
  54  4:18  Shield Battery  
  54  4:19  Probe (Chrono Boost)  
  54  4:21  Assimilator  
  54  4:22  Stalker  
  57  4:26  Probe (Chrono Boost)  
  59  4:31  Probe (Chrono Boost)  
  59  4:33  Oracle  
  65  4:38  Probe (Chrono Boost)  
  65  4:39  Probe (Chrono Boost)  
  65  4:43  Zealot  
  65  4:44  Protoss Ground Weapons Level 1 (Chrono Boost), Probe (Chrono Boost)  
  68  4:48  Probe (Chrono Boost), Pylon  
  68  4:50  Probe (Chrono Boost)  
  70  4:56  Probe (Chrono Boost)  
  70  4:57  Probe (Chrono Boost)  
  71  5:02  Probe x2 (Chrono Boost)  
  71  5:05  Probe  
  71  5:07  Blink  
  74  5:14  Probe, Gateway  
  75  5:15  Probe  
  75  5:17  Gateway, Probe  
  75  5:19  Gateway  
  75  5:20  Gateway  
  77  5:23  Pylon  
  77  5:26  Probe  
  77  5:27  Probe  
  79  5:30  Probe  
  79  5:31  Stalker x2  
  84  5:38  Probe  
  84  5:41  Probe  
  84  5:42  Pylon  
  86  5:43  Pylon  
  86  5:44  Probe  
  86  5:45  Pylon  
  86  5:46  Assimilator x2  
  87  5:50  Gateway  
  87  5:52  Pylon  
  87  5:55  Probe  
  88  5:59  Probe  
  89  6:05  Stalker  
  89  6:06  Stalker  
  89  6:07  Probe  
  89  6:08  Probe  
  89  6:11  Stalker  
  97  6:16  Pylon  
  97  6:18  Nexus  
  97  6:21  Stalker x2  
  101  6:27  Templar Archives  
  101  6:28  Pylon  
  102  6:32  Probe  
  102  6:33  Probe  
  102  6:34  Stalker  
  102  6:35  Stalker  
  102  6:38  Stalker  
  102  6:39  Stalker  
  111  6:42  Probe  
  111  6:44  Protoss Ground Weapons Level 2 (Chrono Boost)  
  112  6:47  Shield Battery  
  112  6:51  Stalker x3  
  112  6:52  Probe  
  115  7:03  Stalker x3  
  115  7:05  Probe x3  
  124  7:09  Psionic Storm  
  124  7:11  Photon Cannon  
  124  7:18  Probe x3 (Chrono Boost)  
  124  7:19  Stalker x2  
  132  7:30  Probe (Chrono Boost)  
  132  7:35  Photon Cannon x2, Probe (Chrono Boost)  
  132  7:36  Probe (Chrono Boost)  
  134  7:43  Stalker x2  
  138  7:44  Stalker x3  
  140  7:51  Stalker x2  
  140  7:54  Probe x2  
  140  7:55  Probe  
  140  7:57  Assimilator x2  
  145  8:12  Stalker x3  
  139  8:13  Stalker x2  
  139  8:17  Probe (Chrono Boost)  
  139  8:18  Probe (Chrono Boost)  
  144  8:20  Probe (Chrono Boost), High Templar x2  
  144  8:24  Robotics Facility  
  144  8:25  Nexus, Robotics Facility  
  149  8:27  Probe (Chrono Boost)  
  149  8:33  Charge (Chrono Boost), Photon Cannon  
  149  8:34  Probe  
  150  8:35  Photon Cannon  
  150  8:38  Pylon  
  150  8:39  Pylon  
  150  8:45  High Templar x3  
  156  8:54  Gateway  
  156  8:56  Gateway  
  156  8:58  Pylon  
  156  9:01  Pylon  
  156  9:02  Pylon  
  156  9:06  Photon Cannon  
  156  9:07  High Templar x4  
  164  9:10  Photon Cannon  
  164  9:12  Shield Battery  
  164  9:13  Archon x2  
  164  9:14  Warp Prism (Chrono Boost), Photon Cannon, Pylon  
  165  9:17  Observer (Chrono Boost), Protoss Ground Weapons Level 3 (Chrono Boost)  
  165  9:19  Pylon  
  158  9:39  Stalker x3  
  158  9:40  Stalker x4  
  158  9:42  Archon  
  160  9:49  Probe, Stalker  
  159  9:53  Immortal x2 (Chrono Boost), Gateway  
  159  9:55  Gateway  
  159  9:58  Probe x3  
  159  9:59  Robotics Bay  
  171  10:00  Assimilator  
  171  10:01  Photon Cannon  
  171  10:02  Probe  
  171  10:03  Assimilator  
  172  10:11  Zealot x7  
  172  10:13  High Templar x2  
  185  10:31  Photon Cannon, Pylon  
  185  10:32  High Templar x2  
  189  10:39  Stalker x3  
  189  10:42  Stalker x2  
  193  10:47  Probe, Stalker x2  
  193  10:49  Probe  
  172  10:56  Probe (Chrono Boost)  
  171  11:02  Disruptor x2 (Chrono Boost)  
  177  11:07  Nexus, Probe (Chrono Boost)  
  177  11:09  Pylon  
  180  11:11  Probe (Chrono Boost)  
  180  11:12  Probe (Chrono Boost)  
  180  11:14  Pylon  
  180  11:16  Probe (Chrono Boost)  
  180  11:18  Probe (Chrono Boost), Pylon  
  182  11:22  High Templar  
  182  11:24  High Templar x2  
  188  11:40  Fleet Beacon  
  188  11:41  Photon Cannon  
  188  11:42  Photon Cannon  
  188  11:49  Zealot x6  
  200  11:56  Zealot x2  
  192  12:03  Disruptor  
  183  12:09  Archon  
  183  12:12  Stalker x7  
  183  12:13  Stalker  
  181  12:30  Stargate  
  181  12:31  Stargate  
  181  12:36  Stalker x4  
  181  12:37  Stalker x5  
  183  12:55  Stalker x2  
Tags
 
Add a new tag
Caveats
  • Supply blocks, unpowered buildings, or Contaminate may cause inaccurate times.
  • Supply counts are checked every 10 seconds.